 Dungeon Crawl Stone Soup version 0.29.1-1-gd02db6906a (webtiles) character file.

Game seed: 4556669464308874110

697 LabCoat the Trooper (level 7, 0/63 HPs)
             Began as a Hill Orc Fighter on Oct 5, 2022.
             Slain by an ogre
             ... wielding a +0 giant club
              (10 damage)
             ... on level 5 of the Dungeon.
             The game lasted 00:10:48 (4030 turns).

LabCoat the Trooper (Hill Orc Fighter)              Turns: 4030, Time: 00:10:49

Health: 0/63       AC:  8    Str: 21    XL:     7   Next: 65%
Magic:  7/7        EV: 10    Int:  8    God:
Gold:   276        SH:  4    Dex: 10    Spells: 6/6 levels left

rFire   . . .      SeeInvis .   a - +1 war axe
rCold   + . .      Faith    .   c - +0 buckler
rNeg    . . .      Spirit   .   b - +0 scale mail
rPois   .          Reflect  .   j - +0 helmet
rElec   .          Harm     .   (no cloak)
rCorr   .          Rampage  .   (no gloves)
Will    .....                   (no boots)
Stlth   ..........              (no amulet)
HPRegen 0.20/turn               g - ring of protection from cold
MPRegen 0.10/turn               (no ring)

@: mighty
A: no striking features
a: no special abilities


You were on level 5 of the Dungeon.
You visited 1 branch of the dungeon, and saw 5 of its levels.

You collected 276 gold pieces.

Inventory:

Hand Weapons
 a - a +1 war axe (weapon)
 l - a +0 flail
Missiles
 m - 3 poisoned darts (quivered)
 s - 3 boomerangs
Armour
 b - a +0 scale mail (worn)
 c - a +0 buckler (worn)
 j - a +0 helmet (worn)
Jewellery
 g - a ring of protection from cold (left hand)
 r - an amulet of faith
Wands
 o - a wand of charming (15)
 p - a wand of acid (3)
 q - a wand of mindburst (14)
Scrolls
 h - a scroll of butterflies
 n - a scroll of teleportation
 u - a scroll of magic mapping
 w - a scroll of immolation {unknown}
 x - a scroll of amnesia
Potions
 d - a potion of flight
 e - 2 potions of curing
 f - a potion of cancellation
 i - a potion of heal wounds {unknown}
 k - a potion of degeneration {unknown}
 v - 2 potions of lignification {unknown}


   Skills:
 * Level 6.1 Fighting
 + Level 5.3 Axes
 + Level 1.7 Throwing
 * Level 5.2 Armour
 + Level 2.1 Dodging
 + Level 4.5 Shields


You had 6 spell levels left.
You didn't know any spells.
Your spell library contained the following spells:

 Spells                   Type           Power      Damage    Failure   Level
 Gell's Gravitas          Tloc           0%         N/A       99%         3
 Lesser Beckoning         Tloc           0%         N/A       99%         3
 Teleport Other           Tloc           0%         N/A       99%         3
 Dispersal                Tloc           0%         N/A       100%        6


Dungeon Overview and Level Annotations

Branches:
Dungeon (5/15)
 Temple: D:4-7

Altars:
Makhleb
Xom

Shops:
D:5 (


Message History

e - 3 potions of curing (gained 1)
w - a scroll labelled MUVIAH SACURERCH
Okay, then.
Found a stone staircase leading up.
You now have 249 gold pieces (gained 6).
Found 5 stones.
Found 6 stones.
x - a scroll of amnesia You now have 262 gold pieces (gained 13).
You now have 273 gold pieces (gained 11).
You now have 276 gold pieces (gained 3). 2 ogres come into view.
Found a shimmering altar of Xom.
The ogre shouts! x2
The ogre barely misses you.
You closely miss the ogre. You hit the ogre but do no damage.
You block the ogre's attack.
You slash the ogre!
The ogre is heavily wounded.
The ogre closely misses you.
You barely miss the ogre.
The ogre is heavily wounded.
The ogre hits you with a +0 giant club!!
The ogre barely misses you.
You barely miss the ogre.
The ogre is heavily wounded.
You hit the ogre. The ogre closely misses you.
You feel very mighty all of a sudden. The ogre hits you with a +0 giant club!
* * * LOW HITPOINT WARNING * * *
You slash the ogre!
The ogre is almost dead.
You hit the ogre. The ogre hits you with a +0 giant club!
* * * LOW HITPOINT WARNING * * *
You block the ogre's attack.
You feel better. The ogre closely misses you. The ogre misses you.
You slice the ogre!!
You kill the ogre!
You closely miss the ogre. The ogre hits you with a +0 giant club!
You die...

#.# ####.# ######
#....# #..... ##.##.#
###..... .....#
#....... #)##.#
#.#.....
####@##.######.#.....
#..O...........######
.....##.##.########
#... ...#
#.##.######## #.## _.
#..#.##.....###.##
##.#.##.....#.....
...##(....#.#(#.
##.##.....#.#.#.
#.##...........


You could see an ogre.

Vanquished Creatures
  Grinder (D:3)
  3 ogres
  2 hounds
  An orc priest (D:4)
  An iguana (D:4)
  2 orc wizards (D:4)
  Robin (D:2)
  4 gnolls (D:4)
  5 adders
  2 worms
  A dart slug (D:3)
  8 orcs
  4 endoplasms
  3 giant cockroaches (D:3)
  22 goblins
  5 hobgoblins
  2 jackals (D:2)
  5 quokkas
  9 ball pythons
  3 bats
  6 frilled lizards
  5 kobolds
  5 rats
100 creatures vanquished.

Vanquished Creatures (others)
  3 fungi (D:2)
3 creatures vanquished.

Grand Total: 103 creatures vanquished

Notes
Turn   | Place    | Note
-------+----------+-------------------------------------------
     0 | D:1      | LabCoat the Hill Orc Fighter began the quest for the Orb.
     0 | D:1      | Reached XP level 1. HP: 19/19 MP: 1/1
   104 | D:1      | Reached XP level 2. HP: 19/27 MP: 2/2
   495 | D:1      | Reached skill level 4 in Fighting
   646 | D:1      | Found a faded altar of an unknown god.
   850 | D:1      | Reached XP level 3. HP: 30/33 MP: 3/3
  1423 | D:2      | Noticed Robin
  1439 | D:2      | Killed Robin
  1440 | D:2      | Reached XP level 4. HP: 39/41 MP: 4/4
  1771 | D:2      | Reached skill level 1 in Dodging
  2089 | D:3      | Reached XP level 5. HP: 34/47 MP: 5/5
  2188 | D:3      | Noticed Grinder
  2392 | D:3      | Identified the +2 spear of Ropiovum {freeze, Dex+3}
  2424 | D:3      | Killed Grinder
  2425 | D:3      | Reached skill level 5 in Fighting
  2425 | D:3      | Reached skill level 1 in Throwing
  2425 | D:3      | Reached XP level 6. HP: 37/56 MP: 6/6
  2821 | D:4      | Reached skill level 5 in Axes
  2821 | D:4      | Reached XP level 7. HP: 59/61 MP: 7/7
  3069 | D:4      | Reached skill level 6 in Fighting
  3069 | D:4      | Reached skill level 5 in Armour
  3241 | D:4      | Found a burning altar of Makhleb.
  3852 | D:5      | Entered Level 5 of the Dungeon
  3871 | D:5      | Found Ehinn's Antique Weapon Shop.
  4020 | D:5      | Found a shimmering altar of Xom.
  4028 | D:5      | HP: 3/63 [ogre/+0 giant club (15)]
  4030 | D:5      | Slain by an ogre

Illustrated notes

Levels and vault maps discovered:
D:1:      dpeg_arrival_arbitrary_b, layout_loops_ring,
          chequers_ecumenical_altar_simple_redux
D:2:      layout_rooms, minmay_shallow_snake_nest, uniq_robin
D:3:      layout_rooms, uniq_grinder
D:4:      layout_basic, makhleb_heckhound_becter
D:5:      layout_loops_cross, nicolae_take_the_stairs, hangedman_feature_mirror

Skill      XL: |  1  2  3  4  5  6  7 |
---------------+----------------------+-----
Axes           | 3 4 5 |  5.3
Fighting       | 4 5 6 |  6.1
Armour         | 4 5 |  5.2
Dodging        | 1 2 |  2.1
Throwing       | 1 |  1.7
Shields        | 4 |  4.5

Action                   |  1- 3 |  4- 6 |  7- 9 || total
-------------------------+-------+-------+-------++-------
Melee: War axe           |   106 |    87 |    52 ||   245
Throw: Dart              |       |     2 |     6 ||     8
Evoke: Wand              |       |     2 |       ||     2
  Use: Scroll            |    10 |     4 |       ||    14
       Potion            |     1 |     1 |     2 ||     4
Armor: Scale mail        |    47 |    44 |    14 ||   105
Dodge: Dodged            |    48 |    37 |    25 ||   110
Block: Buckler           |    32 |    18 |     7 ||    57
